 Dungeon Crawl Stone Soup version 0.20.0-8-g6b59dc7 (webtiles) character file.

287 Chiseanne the Magician (level 6, 43/43 HPs)
             Began as a Demonspawn Wizard on June 1, 2017.
             Quit the game on level 3 of the Dungeon.
             The game lasted 00:07:59 (3831 turns).

Chiseanne the Magician (Demonspawn Wizard)          Turns: 3831, Time: 00:08:00

Health: 43/43      AC:  5    Str: 11    XL:     6   Next: 8%
Magic:  13/13      EV: 12    Int: 21    God:
Gold:   134        SH:  0    Dex: 12    Spells: 6/15 levels left

rFire    . . .     SeeInvis .   j - +2 dagger (drain)
rCold    . . .     Gourm    .   (no shield)
rNeg     . . .     Faith    .   a - +0 robe
rPois    .         Spirit   +   b - +0 hat
rElec    .         Reflect  .   p - +0 cloak
rCorr    .         Harm     .   (no gloves)
MR       .....                  (no boots)
Stlth    ++........             e - amulet of magic regeneration
Regen    0.2/turn               h - +4 ring of strength
MPRegen  0.2/turn               (no ring)

@: no status effects
A: horns 1, rugged brown scales 2, spiny 1, magic shield
a: no special abilities


You were on level 3 of the Dungeon.
You were not hungry.

You visited 1 branch of the dungeon, and saw 3 of its levels.

You collected 134 gold pieces.

Inventory:

Hand Weapons
 j - a +2 dagger of draining (weapon)
Missiles
 f - 49 sling bullets
 g - 23 arrows
 k - 12 poisoned needles
 m - 2 tomahawks (quivered)
 o - 23 bolts
Armour
 a - a +0 robe (worn)
 b - a +0 hat (worn)
 p - a +0 cloak (worn)
Jewellery
 e - an amulet of magic regeneration (around neck)
 h - a +4 ring of strength (left hand)
Potions
 i - 3 potions of curing
 n - a potion of heal wounds {unknown}
Comestibles
 d - a bread ration
 l - a royal jelly


   Skills:
 - Level 1.7 Dodging
 - Level 1.7 Stealth
 * Level 5.0 Spellcasting
 * Level 4.3 Conjurations
   Level 1.0 Summonings
 - Level 0.8 Translocations


You had 6 spell levels left.
You knew the following spells:

 Your Spells              Type           Power        Failure   Level  Hunger
a - Magic Dart            Conj           ###.         1%          1    None
b - Blink                 Tloc           N/A          12%         2    None
c - Conjure Flame         Conj/Fire      ##......     13%         3    ##.....
d - Mephitic Cloud        Conj/Pois/Air  ##......     19%         3    ##.....


Dungeon Overview and Level Annotations

Branches:
Dungeon (3/15)

Altars:
Ashenzari
Kikubaaqudgha
Okawaru
Xom
Zin
The Shining One


Innate Abilities, Weirdness & Mutations

You have a pair of small horns on your head.
You are mostly covered in rugged brown scales. (AC +2, +5% HP)
You are partially covered in sharp spines.
When hurt, damage is shared between your health and your magic reserves.


Message History

You kill the adder!
Your Spellcasting skill increases to level 5!
Casting: Magic Dart
Confirm with . or Enter, or press ? or * to list all spells.
Aiming: Magic Dart
Press: ? - help, Shift-Dir - straight line, f - you That beam is likely to hit you.
Continue anyway?
Okay, then.
You see here an adder corpse.
You butcher the adder corpse.
c - a chunk of flesh Eating a chunk of flesh.
You eat the chunk of flesh.
This raw flesh tastes terrible.
You see here a mace.
There is a stone staircase leading down here.
There is an open door here.
Done exploring.
Okay, then.
Unknown command.
Are you sure you want to abandon this character and quit the game? (Confirm with "yes".)

#.###....#.# #..###### #.##
#. ##)..##.##.# #.......#
##.# #. ##.###.##.#
#.#####.###..####. ###.#
#.##.# ##.## #.##........
..#.#
#.##.####.#.####...........
#.#.#
#.##...>.###..........####.
....###.#######.#.#########.#
## ........#
#######.........#
......#######_..@_###########
...........##≈#§#§#
......#####.###.### ......#
#.##..# ....#.# #....##
....#.########.#
............##.#
...#..#####.##.# ......#
#.##.# ######


There were no monsters in sight!

Vanquished Creatures
  An orc priest (D:3)
  2 orc wizards (D:3)
  3 gnolls (D:3)
  7 adders
  An ooze (D:3)
  A worm (D:3)
  3 dart slugs (D:1)
  9 orcs (D:3)
  3 giant cockroaches
  10 hobgoblins
  10 jackals
  4 kobolds
  3 quokkas (D:3)
  A ball python (D:1)
  9 bats
  6 frilled lizards
  7 goblins
  13 rats
93 creatures vanquished.

Notes
Turn   | Place    | Note
-------+----------+-------------------------------------------
     0 | D:1      | Chiseanne the Demonspawn Wizard began the quest for the Orb.
     0 | D:1      | Reached XP level 1. HP: 13/13 MP: 4/4
   294 | D:1      | Gained mutation: When hurt, damage is shared between your health and your magic reserves. [demonic ancestry]
   294 | D:1      | Reached XP level 2. HP: 19/19 MP: 4/6
  1093 | D:1      | Gained mutation: You are partially covered in rugged brown scales. (AC +1, +3% HP) [demonic ancestry]
  1093 | D:1      | Reached XP level 3. HP: 19/24 MP: 0/8
  1277 | D:2      | Found an iron altar of Okawaru.
  1729 | D:2      | Found an ancient bone altar of Kikubaaqudgha.
  1899 | D:2      | Learned a level 2 spell: Blink
  1903 | D:2      | Learned a level 3 spell: Conjure Flame
  1907 | D:2      | Learned a level 3 spell: Mephitic Cloud
  1932 | D:2      | Reached skill level 4 in Spellcasting
  1968 | D:2      | Gained mutation: You are partially covered in sharp spines. [demonic ancestry]
  1968 | D:2      | Reached XP level 4. HP: 30/30 MP: 5/10
  2559 | D:3      | Found a shattered altar of Ashenzari.
  2559 | D:3      | Found a glowing golden altar of the Shining One.
  2598 | D:3      | Found a shimmering altar of Xom.
  3067 | D:3      | Gained mutation: You are mostly covered in rugged brown scales. (AC +2, +5% HP) [demonic ancestry]
  3067 | D:3      | Reached XP level 5. HP: 30/36 MP: 5/11
  3465 | D:3      | Gained mutation: You have a pair of small horns on your head. [demonic ancestry]
  3465 | D:3      | Reached XP level 6. HP: 40/43 MP: 0/13
  3644 | D:3      | Found a glowing silver altar of Zin.
  3705 | D:3      | Reached skill level 5 in Spellcasting
  3831 | D:3      | Quit the game

Skill      XL: |  1  2  3  4  5  6 |
---------------+-------------------+-----
Conjurations   | 2 3 4 |  4.3
Spellcasting   | 4 5 |  5.0
Dodging        | |  1.7
Stealth        | |  1.7
Summonings     | |  1.0
Translocations | |  0.8

Action                   |  1- 3 |  4- 6 || total
-------------------------+-------+-------++-------
Melee: Whip              |     2 |       ||     2
       Dagger            |     1 |    23 ||    24
 Cast: Magic Dart        |   101 |   136 ||   237
       Mephitic Cloud    |       |     1 ||     1
  Use: Scroll            |     6 |     7 ||    13
 Stab: Distracted        |       |     1 ||     1
  Eat: Chunk             |     3 |     6 ||     9
Armor: Robe              |     3 |     9 ||    12
Dodge: Dodged            |    18 |    15 ||    33
